 Dungeon Crawl Stone Soup version 0.31-a0-868-g674d60d6f7 (webtiles) character file.

Game seed: 550028523190160578

214 Shwaffel the Sneak (level 5, -32/41 HPs)
             Began as a Draconian Enchanter on Oct 12, 2023.
             Annihilated by an ogre
             ... wielding a +0 giant club
              (35 damage)
             ... on level 4 of the Dungeon.
             The game lasted 00:59:22 (2539 turns).

Shwaffel the Sneak (Draconian Enchanter)            Turns: 2539, Time: 00:59:22

Health: -32/41     AC: -6    Str: 13    XL:     5   Next: 59%
Magic:  8/8        EV: 12    Int: 15    God:
Gold:   124        SH:  0    Dex: 11    Spells: 8/8 levels left

rFire   . . .        r - +2 dagger (venom)
rCold   . . .        (no shield)
rNeg    . . .        (body armour unavailable)
rPois   .            (helmet restricted)
rElec   .            (no cloak)
rCorr   .            (no gloves)
SInv    .            n - +0 pair of boots
Will    .....        (no amulet)
Stlth   ++           (no ring)
HPRegen 0.26/turn    (no ring)
MPRegen 0.11/turn

%: no passive effects
@: corroded, attractive
A: AC +5, unfitting armour, cold-blooded
a: no special abilities


You were on level 4 of the Dungeon.
You visited 1 branch of the dungeon, and saw 4 of its levels.

You collected 124 gold pieces.

Inventory:

Hand Weapons
 a - a +1 dagger {Tremblito}
 j - a +0 short sword
 k - a +0 whip
 q - a +0 war axe
 r - a +2 dagger of venom (weapon)
 s - a +0 whip of electrocution
 v - a +0 long sword
 x - a +0 sling
Missiles
 l - 21 stones (quivered)
 m - 5 poisoned darts
 y - 4 large rocks
Armour
 i - a +0 robe
 n - a +0 pair of boots (worn)
Scrolls
 d - 3 scrolls of identify {unknown}
 e - a scroll of torment {unknown}
 f - a scroll of teleportation {unknown}
 g - a scroll of poison {unknown}
 u - a scroll of immolation {unknown}
Potions
 b - 2 potions of mutation {unknown}
 h - a potion of lignification {unknown}
 o - a potion of brilliance {unknown}
 p - a potion of enlightenment {unknown}
 t - a potion of ambrosia {unknown}


   Skills:
 + Level 2.3 Fighting
 + Level 2.9 Short Blades
 + Level 0.7 Maces & Flails
 + Level 0.5 Ranged Weapons
 + Level 2.9 Dodging
 + Level 3.3 Stealth
 + Level 0.3 Unarmed Combat
 + Level 2.1 Spellcasting
 + Level 3.0 Hexes


You had 8 spell levels left.
You didn't know any spells.
Your spell library contained the following spells:

 Spells                   Type           Power      Damage    Failure   Level
 Ensorcelled Hibernation  Hex/Ice        12%        N/A       19%         2
 Confusing Touch          Hex            10%        N/A       19%         3
 Tukima's Dance           Hex            10%        N/A       19%         3
 Dazzling Flash           Conj/Hex       12%        N/A       34%         3


Dungeon Overview and Level Annotations

Branches:
Dungeon (4/15)
 Temple: D:4-7

Altars:
Sif Muna


Innate Abilities, Weirdness & Mutations

Your plain brown scales are hard. (AC +5)
You cannot fit into any form of body armour.
You are cold-blooded and may be slowed by cold attacks.


Message History

Aim: an ogre, wielding a +0 giant club (70% to hit)
You throw a poisoned dart.
The poisoned dart completely misses the ogre.
You hit the ogre but do no damage. The ogre closely misses you.
You hit the ogre but do no damage. The ogre hits you with a +0 giant club!
* * * LOW HITPOINT WARNING * * *
It was a potion of heal wounds.
You feel much better.
You feel much better. The ogre completely misses you.
You hit the ogre but do no damage. Lightning courses through the ogre!
You tail-slap the ogre, but do no damage.
The ogre is moderately wounded.
The ogre closely misses you.
You hit the ogre but do no damage.
You tail-slap the ogre, but do no damage.
The ogre is moderately wounded.
You hit the ogre but do no damage.
You tail-slap the ogre, but do no damage.
The ogre is moderately wounded.
The ogre closely misses you.
You hit the ogre.
You tail-slap the ogre, but do no damage.
The ogre is heavily wounded.
The ogre hits you with a +0 giant club!!
Ouch! That really hurt!
It was a potion of attraction.
You feel attractive to monsters. The ogre misses you.
You barely miss the ogre.
Your tail-slap misses the ogre.
The ogre is heavily wounded.
You barely miss the ogre.
The ogre is heavily wounded.
The ogre hits you with a +0 giant club!
* * * LOW HITPOINT WARNING * * *
Your +0 whip of electrocution stops crackling.
Your +2 dagger of venom begins to drip with poison!
r - a +2 dagger of venom (weapon)
The ogre attacks as it pursues you!
The ogre hits you with a +0 giant club!!
Ouch! That really hurt!
You die...

#...# #.⌠.# #...#
##.##
#######.#######
##...##...##...##
#<.⌠..'.⌠.'..⌠.>#
##...##...##...##
..#######@#######
........O.#
........###
........#
........#
........#
........#
.(......#
#########


You could see an ogre.

Vanquished Creatures
  A jelly (D:4)
  An orc priest (D:3)
  Jessica (D:2)
  3 adders
  4 worms
  2 dart slugs (D:1)
  14 orcs (D:3)
  6 ball pythons
  5 endoplasms
  2 giant cockroaches (D:1)
  3 goblins
  8 hobgoblins
  6 kobolds
  3 quokkas (D:1)
  5 bats
  A frilled lizard (D:2)
  6 rats
71 creatures vanquished.

Notes
Turn   | Place    | Note
-------+----------+-------------------------------------------
     0 | D:1      | Shwaffel the Draconian Enchanter began the quest for the
                  | Orb.
     0 | D:1      | Reached XP level 1. HP: 14/14 MP: 3/3
   260 | D:1      | Reached XP level 2. HP: 14/20 MP: 5/5
   482 | D:1      | Reached XP level 3. HP: 4/26 MP: 6/6
  1205 | D:2      | Noticed Jessica
  1227 | D:2      | Killed Jessica
  1279 | D:2      | Reached XP level 4. HP: 16/34 MP: 7/7
  1325 | D:2      | Reached skill level 1 in Fighting
  1848 | D:3      | Reached XP level 5. HP: 34/41 MP: 8/8
  2109 | D:3      | Found a shimmering blue altar of Sif Muna.
  2521 | D:4      | Noticed an ogre
  2539 | D:4      | Annihilated by an ogre

Illustrated notes

Levels and vault maps discovered:
D:1:      evilmike_arrival_crescent, layout_basic, serial_forest,
          infiniplex_forest_clump_diagonal, infiniplex_forest_clump_diagonal,
          infiniplex_forest_straight_2, infiniplex_forest_corner_2,
          infiniplex_forest_lined_ring, minmay_statues_item, st_stairs_9,
          chequers_serial_rivers_micro_d
D:2:      layout_basic, roderic_lattice_a, nicolae_titane, uniq_jessica
D:3:      layout_basic, marbit_many_paths
D:4:      layout_rooms, serial_glass, glass_columns_a, glass_columns_a,
          amcnicky_mini_pool_small, kennysheep_decorative_pillar,
          grunt_ministairs_5, minmay_ruined_shrine

Skill      XL: |  1  2  3  4 |
---------------+-------------+-----
Stealth        | 3 |  3.3
Hexes          | 3 |  3.0
Dodging        | 2 |  2.9
Fighting       | 2 |  2.3
Short Blades   | 2 |  2.9
Maces & Flails | |  0.7
Ranged Weapons | |  0.5
Unarmed Combat | |  0.3
Spellcasting   | |  2.1

Action                     |  1- 3 |  4- 6 || total
---------------------------+-------+-------++-------
  Melee: Dagger            |    94 |    83 ||   177
         Tailslap          |    19 |    19 ||    38
         Unarmed           |    11 |       ||    11
         Whip              |    27 |    44 ||    71
         Punch             |     1 |     4 ||     5
   Fire: Sling             |       |    22 ||    22
  Throw: Stone             |     2 |     3 ||     5
         Dart              |       |     1 ||     1
    Use: Potion            |     2 |     3 ||     5
 Armour: Skin              |    86 |    75 ||   161
  Dodge: Dodged            |    79 |    88 ||   167

Table legend: (Time is in decaauts)
 A = Elapsed time spent in this place.
 B = Non-inter-level travel time spent in this place.
 C = Inter-level travel time spent in this place.
 D = Time resting spent in this place.
 E = Time spent auto-exploring this place.
 F = Levels seen in this place.
 G = Mean time per level.
                   A        B        C        D        E       F      G
               +--------+--------+--------+--------+--------+-----+--------+
         Total |   2547 |    909 |   1638 |      0 |     76 |   4 |  636.8 |
       Dungeon |   2547 |    909 |   1638 |      0 |     76 |   4 |  636.8 |
               +--------+--------+--------+--------+--------+-----+--------+

Top non-repeatable levels by time:
     D:1: 1094 daAuts
     D:3: 851 daAuts
     D:2: 543 daAuts
     D:4: 58 daAuts
